 Dungeon Crawl Stone Soup version 0.25-a0-420-g1cc7eeb0d1 (webtiles) character file.

Game seed: 6674965039481964838, levelgen mode: deterministic

135 Flubbersnuff the Chopper (level 4, -6/41 HPs)
             Began as a Minotaur Berserker on Jan 18, 2020.
             Was a Believer of Trog.
             Shot with an arrow by a centaur (18 damage)
             ... on level 3 of the Dungeon.
             The game lasted 00:05:56 (3023 turns).

Flubbersnuff the Chopper (Minotaur Berserker)       Turns: 3023, Time: 00:05:57

Health: -6/41      AC:  2    Str: 23    XL:     4   Next: 96%
Magic:  3/3        EV: 13    Int:  4    God:    Trog [**....]
Gold:   133        SH:  0    Dex:  9    Spells: 3/3 levels left

rFire    . . .     SeeInvis .   a - +0 hand axe
rCold    . . .     Gourm    .   (no shield)
rNeg     . . .     Faith    .   b - +0 animal skin
rPois    .         Spirit   .   (helmet restricted)
rElec    .         Reflect  .   (no cloak)
rCorr    .         Harm     .   (no gloves)
MR       .....                  (no boots)
Stlth    +.........             (no amulet)
HPRegen  0.13/turn              (no ring)
MPRegen  0.08/turn              (no ring)

@: no status effects
A: retaliatory headbutt, horns 2
a: Berserk, Trog's Hand, Renounce Religion


You were on level 3 of the Dungeon.
You worshipped Trog.
Trog was pleased with you.
You were not hungry.

You visited 1 branch of the dungeon, and saw 3 of its levels.

You collected 133 gold pieces.

Inventory:

Hand Weapons
 a - a +0 hand axe (weapon)
Armour
 b - a +0 animal skin (worn)
Jewellery
 e - a +3 ring of evasion {unknown}
 g - an uncursed amulet of the gourmand {unknown}
 q - an uncursed amulet of magic regeneration {unknown}
Scrolls
 d - 2 scrolls of enchant armour {unknown}
 h - 2 scrolls of identify {unknown}
 i - 2 scrolls of teleportation {unknown}
 k - 2 scrolls of remove curse {unknown}
 l - a scroll of blinking {unknown}
 m - a scroll of immolation {unknown}
 n - a scroll of noise {unknown}
Potions
 f - 2 potions of flight {unknown}
 j - a potion of mutation {unknown}
 p - a potion of cancellation {unknown}
Comestibles
 c - 4 rations


   Skills:
 + Level 4.4 Fighting
 * Level 5.1 Axes
 + Level 3.5 Armour
 + Level 3.2 Dodging


You had 3 spell levels left.
You didn't know any spells.
Your spell library was empty.

Dungeon Overview and Level Annotations

Branches:
Dungeon (3/15)

Altars:
Kikubaaqudgha
Okawaru


Innate Abilities, Weirdness & Mutations

You reflexively headbutt those who attack you in melee.
You have a pair of horns on your head.


Message History

You barely miss the hobgoblin. You headbutt the hobgoblin.
You kill the hobgoblin!
Trog accepts your kill.
No target in view!
You start resting.
Eating a chunk of flesh.
You eat the chunk of flesh.
This raw flesh tastes terrible.
A centaur comes into view.
The centaur wields a +0 shortbow.
The centaur shoots an arrow.
The arrow closely misses you.
The centaur shoots an arrow.
The arrow misses you.
The centaur shoots an arrow.
The arrow hits you.
Things that are here:
an arrow; a ring mail The centaur shoots an arrow.
The arrow hits you!
You see here an arrow.
The centaur shoots an arrow.
The arrow hits you!
* * * LOW HITPOINT WARNING * * *
The centaur shoots an arrow.
The arrow hits you!!
You die...

...................?......#
##...................c)...#
..........................#
#..........)..............#
#..................$....).#.).
#............#+#####...........
#............#.######.c.###...#
#............#.#((.(.(........#
.รท..)..........#@####...##....#
.<............##.# #...# ...#
###.#..........#.# #...# ..
....#..........#.# ####.. .
#####..........#.# ...
#..........#.# ####
#..........#.# #..........#.#
#########.##.#


You could see a centaur.

Vanquished Creatures
  3 adders (D:2)
  3 oozes (D:1)
  A worm (D:2)
  3 dart slugs
  2 leopard geckos
  4 orcs
  8 bats
  10 giant cockroaches
  10 goblins
  9 hobgoblins
  2 jackals (D:1)
  3 quokkas
  6 frilled lizards (D:1)
  6 kobolds
  7 rats
77 creatures vanquished.

Notes
Turn   | Place    | Note
-------+----------+-------------------------------------------
     0 | D:1      | Flubbersnuff the Minotaur Berserker began the quest for the
                  | Orb.
     0 | D:1      | Reached XP level 1. HP: 19/19 MP: 0/0
     1 | D:1      | Found a runed translucent door.
    23 | D:1      | Reached XP level 2. HP: 12/27 MP: 1/1
    26 | D:1      | Reached skill level 4 in Axes
   296 | D:1      | Reached XP level 3. HP: 33/33 MP: 2/2
   330 | D:1      | Reached ** piety under Trog
  1421 | D:2      | Reached XP level 4. HP: 38/40 MP: 3/3
  1659 | D:2      | Found an iron altar of Okawaru.
  2290 | D:2      | Reached skill level 5 in Axes
  2561 | D:2      | Found an ancient bone altar of Kikubaaqudgha.
  3012 | D:3      | Noticed a centaur
  3023 | D:3      | Shot with an arrow by a centaur

Levels and vault maps discovered:
D:1:      dpeg_arrival_caged_fury, layout_basic, dk_noncrumbling_2,
          minmay_domino_4
D:2:      layout_loops_ring, lemuel_doored_altar, kennysheep_okawaru_gauntlet
D:3:      layout_basic, nicolae_qazlal_style_of_elements, marbit_many_paths

Skill      XL: |  1  2  3  4 |
---------------+-------------+-----
Axes           | 4 5 |  5.1
Fighting       | 4 |  4.4
Armour         | 3 |  3.5
Dodging        | 3 |  3.2

Action                   |  1- 3 |  4- 6 || total
-------------------------+-------+-------++-------
Melee: Hand axe          |    86 |    56 ||   142
       Headbutt          |    18 |     6 ||    24
Invok: Berserk           |     1 |       ||     1
  Eat: Chunk             |     3 |     5 ||     8
Armor: Animal skin       |    16 |     8 ||    24
Dodge: Dodged            |    70 |    48 ||   118

Table legend:
 A = Non-vault XP
 B = Vault XP
 C = Vault XP percentage of total XP
 D = Non-vault monster count
 E = Vault monster count
 F = Vault count percentage of total count
                 A         B        C        D         E       F
            +---------+---------+-------+---------+---------+-------
      Total |     150 |      43 |  22.3 |      61 |      16 |  20.8
            +---------+---------+-------+---------+---------+-------
        D:1 |      51 |      43 |  45.7 |      31 |      16 |  34.0
        D:2 |      83 |       0 |   0.0 |      22 |       0 |   0.0
        D:3 |      16 |       0 |   0.0 |       8 |       0 |   0.0
            +---------+---------+-------+---------+---------+-------
